 Dungeon Crawl Stone Soup version 0.26.0-8-g74fc34ddfb (webtiles) character file.

Game seed: 12598053770563727164

175 vvl the Skirmisher (level 5, -2/47 HPs)
             Began as a Hill Orc Fighter on Jan 12, 2021.
             Killed from afar by Sigmund (3 damage)
             ... with a magic dart
             ... on level 5 of the Dungeon.
             The game lasted 00:05:58 (2089 turns).

vvl the Skirmisher (Hill Orc Fighter)               Turns: 2089, Time: 00:05:59

Health: -2/47      AC:  7    Str: 20    XL:     5   Next: 55%
Magic:  6/6        EV:  7    Int:  8    God:
Gold:   41         SH:  9    Dex: 10    Spells: 4/4 levels left

rFire    . . .     SeeInvis .   a - +0 war axe
rCold    . . .     Faith    .   c - +0 kite shield
rNeg     . . .     Spirit   .   b - +0 scale mail
rPois    .         Reflect  .   (no helmet)
rElec    .         Harm     +   e - scarf {harm}
rCorr    .         Rampage  .   (no gloves)
Will     .....                  (no boots)
Stlth    ..........             (no amulet)
HPRegen  0.15/turn              (no ring)
MPRegen  0.10/turn              (no ring)

@: mighty, attractive
A: no striking features
a: no special abilities


You were on level 5 of the Dungeon.
You visited 1 branch of the dungeon, and saw 5 of its levels.

You collected 41 gold pieces.

Inventory:

Hand Weapons
 a - a +0 war axe (weapon)
Armour
 b - a +0 scale mail (worn)
 c - a +0 kite shield (worn)
 e - a scarf of harm (worn)
Scrolls
 f - a scroll of remove curse {unknown}
 h - 4 scrolls of teleportation {unknown}
 i - a scroll of fog {unknown}
 j - 3 scrolls of magic mapping {unknown}


   Skills:
 + Level 4.4 Fighting
 + Level 3.7 Axes
 + Level 4.1 Armour
 + Level 4.0 Shields
 + Level 2.5 Invocations
 + Level 1.8 Evocations


You had 4 spell levels left.
You didn't know any spells.
Your spell library was empty.

Dungeon Overview and Level Annotations

Branches:
Dungeon (5/15)
 Temple: D:4-7

Altars:

Annotations:
D:2 Robin
D:5 Sigmund


Message History

You bump into the rock wall.
Something hits you.
You bump into the rock wall.
Something hits you!
* * * LOW HITPOINT WARNING * * *
You feel very mighty all of a sudden.
You feel less confused.
It was a potion of attraction.
You feel attractive to monsters. Something hits you but does no damage.
Something is pulled toward you!
You hit something. Something hits you.
* * * LOW HITPOINT WARNING * * *
You barely miss something.
You hear some strange, mumbled words.
Something tries to affect you, but you resist.
You closely miss something. Something hits you but does no damage.
You miss something. Something hits you.
* * * LOW HITPOINT WARNING * * *
You barely miss something.
You hear some strange, mumbled words.
A magic dart appears from out of thin air!
The magic dart hits you.
You die...

#.........<...
##............
#........##...
##.......#....
##.....##.....#
#####..##........##
##.##....)......###
#........#..........
#..@{...##..........
#####.###....##.....
###.............
).............
##.............
###.....#.....


There were no monsters in sight!

Vanquished Creatures
  An iguana (D:4)
  2 worker ants (D:4)
  3 gnolls (D:3)
  An adder (D:2)
  A dart slug (D:1)
  3 leopard geckos (D:1)
  An orc (D:5)
  A giant cockroach (D:1)
  12 goblins
  12 hobgoblins
  2 jackals (D:3)
  A kobold (D:1)
  2 ball pythons (D:1)
  8 bats
  4 frilled lizards
  3 rats
57 creatures vanquished.

Vanquished Creatures (others)
  36 plants (D:1)
  10 toadstools (D:2)
46 creatures vanquished.

Grand Total: 103 creatures vanquished

Notes
Turn   | Place    | Note
-------+----------+-------------------------------------------
     0 | D:1      | vvl the Hill Orc Fighter began the quest for the Orb.
     0 | D:1      | Reached XP level 1. HP: 19/19 MP: 1/1
    25 | D:1      | Reached XP level 2. HP: 17/27 MP: 2/2
    47 | D:1      | HP: 1/27 [hobgoblin/+0 spear (2)]
   427 | D:1      | Reached skill level 1 in Invocations
   523 | D:1      | Reached XP level 3. HP: 33/33 MP: 3/3
   911 | D:1      | Reached skill level 1 in Evocations
  1177 | D:2      | Noticed Robin
  1185 | D:2      | Reached XP level 4. HP: 19/40 MP: 5/5
  1617 | D:4      | Reached XP level 5. HP: 24/46 MP: 6/6
  1910 | D:4      | Noticed an ogre
  2046 | D:5      | Entered Level 5 of the Dungeon
  2054 | D:5      | Noticed Sigmund
  2088 | D:5      | HP: 1/47 [something (3)]
  2089 | D:5      | Killed from afar by Sigmund

Illustrated notes

Levels and vault maps discovered:
D:1:      roderic_crop_circles_arrival_small, layout_basic, minmay_tromino_mix6
D:2:      cheibrodos_fertilizer, layout_rooms, grunt_ministairs_9,
          minmay_lizard_pond, uniq_crazy_yiuf_cottage, uniq_robin
D:3:      layout_loops_ring, lemuel_blue_sif_altar
D:4:      layout_loops_ring, minmay_temple_entry_statues_fountains,
          serial_shops, nicolae_shop_competitors_out_of_business
D:5:      layout_cave_pools, tgw_trog, old_standard_altar, old_standard_altar,
          chequers_serial_rivers_small_b, st_stairs_11, uniq_sigmund

Skill      XL: |  1  2  3  4  5 |
---------------+----------------+-----
Invocations    | 1 2 |  2.5
Axes           | 3 |  3.7
Evocations     | 1 |  1.8
Fighting       | 4 |  4.4
Armour         | 4 |  4.1
Shields        | 4 |  4.0

Action                   |  1- 3 |  4- 6 || total
-------------------------+-------+-------++-------
Melee: War axe           |   107 |    66 ||   173
  Use: Potion            |       |     2 ||     2
Armor: Scale mail        |    75 |    34 ||   109
Dodge: Dodged            |    42 |    18 ||    60
Block: Kite shield       |    76 |    44 ||   120
